 Dungeon Crawl Stone Soup version 0.17-a0-1945-gfe993df (webtiles) character file.

16 ololoev the Skirmisher (level 2, 0/21 HPs)
             Began as a High Elf Fighter on Sept 30, 2015.
             Killed from afar by a white imp (14 damage)
             ... with a puff of frost
             ... summoned by Natasha
             ... on level 3 of the Dungeon.
             The game lasted 00:00:50 (115 turns).

ololoev the Skirmisher (High Elf Fighter)            Turns: 115, Time: 00:00:51

Health: 0/21       AC:  6    Str: 15    XL:     2   Next: 37%
Magic:  3/3        EV:  6    Int: 11    God:
Gold:   32         SH:  8    Dex: 14    Spells: 0 memorised, 1 level left

rFire  . . .     SeeInvis .     a - +0 long sword
rCold  . . .     Clarity  .     b - +0 scale mail
rNeg   . . .     SustAt   .     c - +0 shield
rPois  .         Gourm    .     (no helmet)
rElec  .         Spirit   .     (no cloak)
rCorr  .         Warding  .     (no gloves)
rMut   .         Rnd*Tele +     (no boots)
MR     .....                    (no amulet)
Stlth  ..........               (no ring)
                                f - ring of teleportation (curse)

@: not resistant to hostile enchantments, extremely unstealthy
A: no striking features
a: Evoke Teleportation

Inventory:

Hand weapons
 a - a +0 long sword (weapon)
Armour
 b - a +0 scale mail (worn)
 c - a +0 shield (worn)
Jewellery
 f - a cursed ring of teleportation (left hand)
Potions
 d - a potion of might
 h - a potion of lignification {unknown}
Comestibles
 e - a bread ration
 g - a meat ration


   Skills:
 + Level 3.2 Fighting
 * Level 2.9 Long Blades
 + Level 3.0 Armour
 - Level 2.6 Shields


You had one spell level left.
You didn't know any spells.


You were on level 3 of the Dungeon.
You were not hungry.

You visited 1 branch of the dungeon, and saw 3 of its levels.

You collected 32 gold pieces.

### ...# ....#
.....######.####
###.....@ยง5..>..
#... ........#h#.####
#....#######.#.#
#.#.########.#.#
#............#5#.#
#.#.##...<.......#
##.#.#..).....#####
##.....(....>........
#..........>..#######

Notes
Turn   | Place    | Note
--------------------------------------------------------------
     0 | D:1      | ololoev the High Elf Fighter began the quest for the Orb.
     0 | D:1      | Reached XP level 1. HP: 16/16 MP: 2/2
    64 | D:3      | Reached XP level 2. HP: 17/21 MP: 3/3
   102 | D:3      | Noticed Natasha
   115 | D:3      | Killed from afar by a white imp

Dungeon Overview and Level Annotations

Branches:
Dungeon (3/15)

Altars:

Annotations:
D:3 Natasha


Message History

You escape the ball python's grasp.
You barely miss the ball python.
The ball python is almost dead.
The ball python bites you but does no damage.
You block the ball python's attack.
Natasha casts a spell.
You closely miss the ball python.
The ball python is almost dead.
The ball python bites you but does no damage.
The ball python grabs you. The ball python constricts you.
The ball python bites you but does no damage.
The ball python constricts you.
You barely miss the ball python.
The ball python is almost dead.
You block the ball python's attack. The ball python constricts you.
You closely miss the ball python.
The ball python is almost dead.
The ball python bites you. The ball python constricts you.
You block the ball python's attack. The ball python constricts you.
You slash the ball python!
You kill the ball python!
You barely miss the hobgoblin. You block the hobgoblin's attack.
You slash the hobgoblin!
You kill the hobgoblin!
The crimson imp blinks!
You block Natasha's attack.
Things that are here:
a club; a ball python corpse You barely miss Natasha.
Natasha claws you but does no damage. Natasha claws you but does no damage.
You hit Natasha.
Natasha is heavily wounded.
You block Natasha's attack.
The crimson imp blinks!
You hit Natasha.
Natasha is severely wounded.
Natasha claws you. The white imp gestures at you. The puff of frost hits you!
Ouch! That really hurt!
You die...

You could see Natasha, a crimson imp and a white imp.

Vanquished Creatures
  An adder (D:3)
  A ball python (D:3)
  3 hobgoblins (D:3)
  A goblin (D:3)
  A kobold (D:3)
7 creatures vanquished.

Action                   || total
-------------------------++-------
Melee: Long sword        ||    30

Vault maps used:
D:1:      tarquinn_simple_flora_water_b, minivault_23
D:2:      first_bread, grunt_ministairs_6, uniq_terence, uniq_sigmund
D:3:      uniq_natasha, uniq_crazy_yiuf_cottage
